 Dungeon Crawl Stone Soup version 0.18-a0-888-gdb73dea (webtiles) character file.

151 Duffy the Slasher (level 5, 0/34 HPs)
             Began as a High Elf Skald on Dec 23, 2015.
             Was a Follower of Makhleb.
             Killed from afar by an orc wizard (5 damage)
             ... with a magic dart
             ... on level 4 of the Dungeon.
             The game lasted 00:06:24 (3871 turns).

Duffy the Slasher (High Elf Skald)                  Turns: 3871, Time: 00:06:24

Health: 0/34       AC:  8    Str: 12    XL:     5   Next: 11%
Magic:  0/10       EV: 11    Int: 15    God:    Makhleb [*.....]
Gold:   200        SH:  0    Dex: 15    Spells: 3 memorised, 3 levels left

rFire  . . .     SeeInvis .     q - +1 long sword
rCold  . . .     Gourm    .     k - +0 ring mail
rNeg   . . .     Faith    .     (no shield)
rPois  .         Spirit   +     j - +2 helmet
rElec  .         Dismiss  .     (no cloak)
rCorr  .         Reflect  .     (no gloves)
SustAt .         Harm     .     (no boots)
MR     .....                    f - amulet of guardian spirit
Stlth  +.........               (no ring)
                                (no ring)

@: lethally poisoned (0 -> -1), very slightly contaminated, not resistant to
hostile enchantments, very unstealthy
A: no striking features
a: Renounce Religion


You were on level 4 of the Dungeon.
You worshipped Makhleb.
Makhleb was aware of your devotion.
You were not hungry.

You visited 1 branch of the dungeon, and saw 4 of its levels.

You collected 200 gold pieces.


   Skills:
 - Level 2.0 Fighting
 + Level 5.5 Long Blades
 - Level 0.8 Armour
 - Level 2.4 Dodging
 - Level 3.0 Spellcasting
 - Level 3.6 Charms


You had 3 spell levels left.
You knew the following spells:

 Your Spells              Type           Power        Failure   Level  Hunger
a - Infusion              Chrm           ##....       12%         1    #......
b - Regeneration          Chrm/Necr      #.........   69%         3    ###....
c - Spectral Weapon       Hex/Chrm       #.......     69%         3    ###....

Inventory:

Hand Weapons
 a - a +0 falchion
 q - a +1 long sword (weapon)
Missiles
 u - 10 poisoned needles
Armour
 b - a +0 leather armour
 j - a +2 helmet (worn)
 k - a +0 ring mail (worn)
 v - the +0 chain mail of the Ward {Dex+9, unknown}

   It affects your dexterity (+9).
Magical Staves
 s - an uncursed staff of fire {unknown}
Jewellery
 f - an amulet of guardian spirit (around neck)
Scrolls
 g - a scroll of remove curse {unknown}
 m - a scroll of enchant weapon
 n - a scroll of magic mapping {unknown}
 o - a scroll of teleportation {unknown}
 p - a scroll of random uselessness {unknown}
Potions
 l - a potion of beneficial mutation {unknown}
 r - a potion of haste
 t - 3 potions of curing
Books
 c - a book of Battle
Comestibles
 d - 3 bread rations
 h - a slice of pizza
 i - a meat ration
 w - a chunk of flesh

Dungeon Overview and Level Annotations

Branches:
Dungeon (4/15)
 Temple: D:4-7

Altars:
Elyvilon
Fedhas
Makhleb
Qazlal
Sif Muna
Trog
Vehumet


Message History

You are very lightly contaminated with residual magic.
As you read the scroll labeled DALIRAADIW, it crumbles to dust.
It was a scroll of blinking.
You feel sick.
You feel sick.
An orc, an orc priest and an orc wizard come into view.
The orc wizard shouts!
The orc priest shouts!
The orc priest shouts!
The orc shouts!
The orc wizard gestures at you while chanting.
You resist with some effort.
You feel sick. The orc barely misses you.
The orc wizard points at you and mumbles some strange words.
You are confused.
You feel sick.
The orc wizard gestures wildly while chanting.
The orc wizard seems to speed up.
The orc priest invokes the aid of Beogh against you.
Something smites you!
The orc priest calls down the wrath of Beogh upon you.
Pain shoots through your body!
The orc wizard hits you but does no damage.
You hear some strange, mumbled words.
A magic dart appears from out of thin air!
The magic dart hits you!
The orc priest hits you but does no damage.
The orc wizard casts a spell at you. The magic dart hits you!
You see here 17 gold pieces.
You feel less confused.
You feel sick.
The orc wizard points at you and mumbles some strange words.
The magic dart hits you!
The orc priest invokes the aid of Beogh against you.
The orc wizard points at you and mumbles some strange words.
The magic dart hits you!
You die...

............................
.....o.......................
..............................
...............................
...............%.................
.................................
.................................
...............................
..............@.oo.............
................{oo.o.........#
...............ooo.o.........#
...................a.........#
..................#..#..##..#
....................##..#
...................###..#
................##.# #oo#
..............##o.# #o.#


You could see a worker ant, 3 orc priests, 2 orc wizards and 4 orcs.

Action                   |  1- 3 |  4- 6 || total
-------------------------+-------+-------++-------
Melee: Falchion          |   127 |       ||   127
       Long sword        |    51 |    68 ||   119
  Use: Scroll            |     4 |     2 ||     6
 Stab: Sleeping          |     2 |       ||     2
  Eat: Chunk             |     5 |     5 ||    10

Notes
Turn   | Place    | Note
--------------------------------------------------------------
     0 | D:1      | Duffy the High Elf Skald began the quest for the Orb.
     0 | D:1      | Reached XP level 1. HP: 14/14 MP: 4/4
   243 | D:1      | Reached XP level 2. HP: 8/19 MP: 4/6
   461 | D:1      | Reached skill level 2 in Dodging
   593 | D:1      | Reached skill level 3 in Long Blades
   940 | D:1      | Reached XP level 3. HP: 20/24 MP: 6/8
  1228 | D:1      | Learned a level 3 spell: Regeneration
  1232 | D:1      | Learned a level 3 spell: Spectral Weapon
  1408 | D:2      | Reached skill level 3 in Spellcasting
  1543 | D:2      | Found a bloodstained altar of Trog.
  1546 | D:2      | Found a blossoming altar of Fedhas.
  1549 | D:2      | Found a white marble altar of Elyvilon.
  1552 | D:2      | Found a burning altar of Makhleb.
  1556 | D:2      | Became a worshipper of Makhleb the Destroyer
  1613 | D:2      | Found a radiant altar of Vehumet.
  2581 | D:3      | Reached skill level 4 in Long Blades
  2581 | D:3      | Reached XP level 4. HP: 25/29 MP: 7/9
  2847 | D:3      | Reached * piety under Makhleb
  2870 | D:3      | Found a stormy altar of Qazlal.
  2907 | D:3      | Found a deep blue altar of Sif Muna.
  3043 | D:4      | Noticed an ogre
  3375 | D:4      | Reached skill level 5 in Long Blades
  3504 | D:4      | Got a shimmering chain mail
  3764 | D:4      | Reached XP level 5. HP: 30/34 MP: 7/10
  3871 | D:4      | Killed from afar by an orc wizard

Vault maps used:
D:1:      zelgadis_glass_arrival_small
D:2:      lemuel_doored_altar, grunt_temple_overflow_cloverleaf, first_bread,
          kennysheep_generic_room_8
D:3:      nicolae_qazlal_eye_of_the_storm, nicolae_overflow_hidden_temple,
          grunt_decor_cap
D:4:      gup_sewer_entry_bubbles

Vanquished Creatures
  An orc wizard
  A giant frog skeleton
  2 adders
  3 worms
  A giant gecko
  6 orcs
  A ball python
  3 giant cockroaches
  5 hobgoblins
  12 jackals
  A quokka
  7 bats
  6 giant newts
  6 goblins
  5 kobolds
  A quokka skeleton
  10 rats
71 creatures vanquished.
